Map: Saphir cosmique

Players

Timorus

  • Race: Terran Terran
  • Spawn Location: 5:00

ShaDoWn - Winner!

  • Race: Protoss Protoss
  • Spawn Location: 11:00

Event: DreamHack SC2 Masters 2022 Atlanta (Offline)

VOD

Have the link to the VOD?

Description

Time

  • Played on: Nov. 18, 2022, 11:57 a.m.
  • Length: 11:45

All games in this series

Show
View Real Time Build Order
Export as new Build Order

Timorus Terran 

Build Orders: Reaper Expand 

Get SALT Encoding   

  12  0:00  SCV  
  13  0:12  SCV  
  14  0:16  Supply Depot  
  14  0:24  SCV  
  15  0:38  SCV, Barracks  
  16  0:43  Refinery  
  16  0:50  SCV  
  17  1:02  SCV  
  18  1:14  SCV  
  19  1:27  Reaper, Orbital Command  
  20  1:47  Command Center  
  20  1:53  SCV  
  21  1:59  Marine  
  21  2:00  Supply Depot  
  22  2:06  SCV  
  23  2:12  Factory  
  23  2:21  Barracks Reactor, SCV  
  24  2:25  Refinery  
  24  2:32  Bunker  
  24  2:33  SCV  
  25  2:45  SCV  
  26  2:57  Factory Tech Lab, Marine x2  
  26  2:58  SCV  
  29  2:59  Starport  
  29  3:06  Orbital Command  
  29  3:15  Marine x2  
  29  3:16  Refinery  
  29  3:17  SCV  
  32  3:24  Siege Tank  
  35  3:31  SCV  
  35  3:32  Marine  
  35  3:33  Marine  
  38  3:34  SCV  
  38  3:39  Starport Tech Lab  
  39  3:43  SCV  
  39  3:46  Supply Depot, SCV  
  41  3:55  SCV  
  42  3:58  SCV, Siege Tank  
  46  4:07  SCV, Banshee  
  46  4:08  Supply Depot  
  46  4:09  Marine  
  50  4:11  Marine  
  50  4:14  SCV  
  50  4:17  Cloaking Field  
  52  4:23  SCV  
  53  4:26  SCV  
  53  4:29  Marine  
  53  4:30  Siege Tank  
  58  4:31  Supply Depot  
  58  4:36  Marine  
  58  4:37  SCV  
  60  4:39  SCV  
  61  4:47  Marine  
  61  4:52  Banshee  
  62  4:53  SCV  
  62  4:54  Marine  
  62  4:56  SCV  
  62  4:57  Supply Depot  
  68  5:07  Marine  
  68  5:10  SCV  
  70  5:15  Supply Depot  
  70  5:16  SCV  
  70  5:18  Siege Tank  
  72  5:22  SCV  
  72  5:25  Marine  
  72  5:29  Marine  
  72  5:30  SCV  
  72  5:35  Banshee  
  74  5:36  SCV  
  74  5:42  SCV  
  75  5:45  Barracks  
  75  5:47  Barracks  
  75  5:48  SCV  
  75  5:50  Siege Tank  
  75  5:54  SCV  
  75  5:55  Marine x2  
  81  6:00  SCV  
  82  6:06  SCV  
  82  6:12  SCV  
  82  6:17  Marine x2  
  80  6:18  SCV  
  80  6:22  Supply Depot  
  80  6:24  SCV  
  73  6:28  Siege Tank  
  73  6:30  SCV  
  75  6:35  Marine x2  
  75  6:36  SCV  
  75  6:37  Starport Reactor  
  78  6:42  SCV  
  78  6:45  Barracks Tech Lab  
  78  6:47  Command Center  
  77  6:48  SCV  
  77  6:50  Engineering Bay  
  77  6:51  Refinery  
  70  6:54  SCV  
  70  6:55  Stimpack, Marine x2  
  70  7:00  SCV  
  74  7:06  Siege Tank, Marauder  
  74  7:07  SCV, Marauder  
  79  7:13  SCV  
  77  7:19  SCV  
  75  7:23  Medivac x2, Marine x2  
  75  7:25  SCV  
  82  7:31  SCV  
  82  7:32  Marauder x2  
  82  7:36  Barracks  
  84  7:37  SCV, Barracks  
  84  7:38  Terran Infantry Weapons Level 1  
  84  7:43  SCV  
  85  7:48  Siege Tank  
  85  7:49  SCV, Marine x2  
  90  7:55  Supply Depot  
  90  7:56  Supply Depot  
  90  7:57  Marauder x2  
  94  8:00  Orbital Command  
  94  8:02  Medivac  
  94  8:04  Medivac  
  98  8:08  Marine x2  
  98  8:09  SCV  
  98  8:10  Supply Depot  
  101  8:14  Supply Depot  
  101  8:18  SCV  
  101  8:24  Marauder  
  101  8:25  Marauder  
  106  8:28  Marine x2  
  106  8:30  SCV  
  106  8:34  Barracks Reactor, Barracks Tech Lab  
  105  8:37  Combat Shield  
  105  8:39  SCV  
  105  8:40  SCV  
  107  8:45  SCV  
  108  8:49  Medivac x2  
  108  8:50  Marauder, Marine x2  
  108  8:54  Barracks Reactor  
  108  8:55  Supply Depot, Barracks Tech Lab  
  116  8:56  Siege Tank  
  116  8:57  Marauder  
  116  9:01  Orbital Command  
  121  9:10  Marine x2  
  121  9:11  Marine  
  121  9:12  Marauder, Marine  
  121  9:15  SCV x2  
  121  9:16  Supply Depot  
  129  9:20  Ghost Academy  
  129  9:21  Marauder x2  
  129  9:22  Viking  
  129  9:23  Refinery  
  135  9:25  Refinery  
  135  9:26  SCV  
  135  9:27  SCV x2  
  135  9:30  Supply Depot  
  138  9:32  Supply Depot  
  138  9:35  Marauder  
  138  9:37  Marine x2  
  138  9:38  Marine x2  
  144  9:46  Supply Depot  
  144  9:50  Ghost x2  
  146  9:56  Ghost  
  146  9:58  Enhanced Shockwaves  
  148  10:00  SCV x2  
  148  10:02  Supply Depot, Missile Turret  
  148  10:06  Bunker  
  150  10:07  Marine x4  
  152  10:14  Missile Turret  
  152  10:17  Missile Turret  
  152  10:20  Engineering Bay  
  150  10:21  Armory  
  150  10:26  Marauder x3  
  156  10:29  Marine x3  
  155  10:43  Command Center, Viking  
  155  10:44  Viking  
  159  10:53  Marauder x3, Marine  
  166  11:01  SCV  
  149  11:16  SCV  
  142  11:19  Marauder, Marine  
  142  11:20  Marauder  
  138  11:25  Marine  
  138  11:28  SCV  
  138  11:30  SCV  
  129  11:32  SCV  
Show
View Real Time Build Order
Export as new Build Order

ShaDoWn Protoss - Winner!

Build Orders: 1 Gate Expand, Blink Stalkers 

Get SALT Encoding   

  12  0:00  Probe  
  13  0:12  Probe  
  14  0:18  Pylon  
  14  0:24  Probe  
  15  0:36  Gateway  
  15  0:37  Probe (Chrono Boost)  
  16  0:47  Probe (Chrono Boost), Assimilator  
  17  0:52  Probe (Chrono Boost)  
  18  1:04  Probe  
  19  1:16  Probe  
  20  1:24  Cybernetics Core  
  20  1:33  Nexus  
  20  1:39  Pylon  
  20  1:42  Probe  
  21  1:48  Assimilator  
  22  1:54  Probe  
  22  1:57  Adept (Chrono Boost)  
  22  2:00  Warp Gate  
  24  2:06  Probe  
  25  2:18  Probe  
  25  2:20  Stalker  
  28  2:30  Probe  
  28  2:36  Twilight Council  
  29  2:43  Probe (Chrono Boost)  
  30  2:46  Probe (Chrono Boost)  
  31  2:54  Probe (Chrono Boost)  
  31  2:55  Probe (Chrono Boost)  
  33  2:59  Probe (Chrono Boost)  
  33  3:00  Probe (Chrono Boost)  
  35  3:06  Blink (Chrono Boost)  
  35  3:08  Probe  
  35  3:12  Probe (Chrono Boost)  
  37  3:18  Robotics Facility  
  37  3:20  Gateway  
  37  3:24  Probe (Chrono Boost)  
  37  3:26  Probe (Chrono Boost)  
  39  3:29  Gateway  
  39  3:33  Probe (Chrono Boost)  
  41  3:35  Probe (Chrono Boost)  
  41  3:38  Pylon  
  41  3:40  Probe  
  41  3:45  Probe  
  41  3:46  Pylon  
  41  3:48  Stalker  
  45  3:53  Probe  
  46  3:57  Probe  
  46  3:58  Assimilator  
  47  4:06  Observer  
  49  4:10  Nexus  
  49  4:15  Stalker x2  
  52  4:24  Stalker  
  52  4:28  Warp Prism  
  56  4:33  Probe, Pylon  
  57  4:39  Stalker x2  
  57  4:43  Pylon  
  57  4:45  Probe  
  62  4:51  Probe  
  62  4:52  Stalker  
  65  4:57  Probe  
  66  5:01  Assimilator  
  66  5:06  Observer (Chrono Boost)  
  68  5:10  Stalker x2  
  71  5:16  Shield Battery  
  71  5:19  Immortal (Chrono Boost)  
  71  5:20  Stalker  
  77  5:29  Shield Battery  
  76  5:38  Stalker x2  
  74  5:44  Stalker  
  76  5:54  Immortal (Chrono Boost)  
  78  6:01  Stalker x2  
  78  6:02  Probe x3  
  83  6:14  Probe x2  
  83  6:15  Probe  
  77  6:20  Zealot  
  73  6:26  Probe x2  
  73  6:27  Probe  
  73  6:30  Stalker x2  
  76  6:38  Probe x2  
  76  6:39  Probe  
  76  6:41  Observer (Chrono Boost)  
  76  6:45  Stalker  
  75  6:50  Probe x2  
  75  6:53  Probe  
  74  6:54  Stalker x2  
  74  6:55  Shield Battery  
  77  7:02  Probe x2  
  77  7:06  Probe  
  80  7:08  Stalker  
  80  7:14  Probe x2  
  83  7:19  Probe (Chrono Boost)  
  78  7:25  Stalker x2  
  78  7:26  Charge  
  78  7:27  Probe x2 (Chrono Boost)  
  82  7:31  Probe (Chrono Boost)  
  82  7:36  Probe x2 (Chrono Boost)  
  84  7:37  Probe (Chrono Boost)  
  84  7:41  Probe x2 (Chrono Boost)  
  87  7:45  Probe  
  87  7:46  Pylon  
  87  7:47  Assimilator  
  87  7:48  Stalker x2, Assimilator  
  92  7:52  Pylon  
  92  7:53  Pylon  
  92  7:55  Probe (Chrono Boost)  
  92  7:58  Pylon  
  93  8:04  Nexus  
  93  8:07  Probe (Chrono Boost), Forge  
  93  8:10  Templar Archives  
  95  8:13  Sentry, Probe x2 (Chrono Boost)  
  95  8:17  Probe (Chrono Boost)  
  99  8:21  Probe  
  99  8:22  Probe  
  99  8:26  Robotics Facility  
  101  8:27  Robotics Bay  
  101  8:29  Probe  
  101  8:33  Probe  
  102  8:35  Observer  
  102  8:36  Probe  
  104  8:41  Probe  
  104  8:45  Probe  
  104  8:46  Sentry, Stalker  
  104  8:47  Zealot  
  110  8:48  Probe  
  110  8:52  Protoss Ground Weapons Level 1 (Chrono Boost)  
  110  8:53  Shield Battery, Probe  
  112  8:57  Gateway, Probe  
  112  8:59  Gateway  
  112  9:00  Gateway, Probe  
  115  9:12  Colossus (Chrono Boost)  
  115  9:15  Gateway  
  121  9:18  Colossus (Chrono Boost), Gateway  
  121  9:20  Gateway  
  121  9:22  Extended Thermal Lance  
  126  9:24  High Templar x2  
  126  9:27  Pylon  
  130  9:39  Pylon  
  130  9:52  Pylon  
  130  9:53  Disruptor (Chrono Boost), Photon Cannon  
  130  9:56  Probe  
  130  9:58  Archon  
  140  10:01  Zealot x2  
  140  10:02  Zealot x4, Colossus (Chrono Boost)  
  152  10:08  Forge  
  152  10:19  Pylon  
  152  10:20  Warp Prism (Chrono Boost), High Templar x2  
  152  10:21  Zealot x2  
  160  10:23  Zealot  
  160  10:24  Nexus  
  160  10:26  Archon, Pylon  
  164  10:28  Pylon  
  164  10:39  Zealot x2  
  164  10:40  Zealot x2  
  172  10:47  Zealot x3  
  178  10:51  Probe, Gateway  
  178  10:53  Gateway  
  179  11:07  Zealot  
  179  11:08  Zealot x3  
  185  11:13  Probe  
  185  11:14  Pylon x2  
  185  11:16  Pylon  
  156  11:28  Probe  
  156  11:30  Stalker x2  
  156  11:31  Zealot x7  
Tags
 
Add a new tag
Caveats
  • Supply blocks, unpowered buildings, or Contaminate may cause inaccurate times.
  • Supply counts are checked every 10 seconds.